 Dungeon Crawl Stone Soup version 0.30-a0-696-g2367cd04db (webtiles) character file.

Game seed: 7346676531840260846

1218 acebull12 the Shield-Bearer (level 8, -2/51 (62) HPs)
             Began as a Formicid Fighter on Jan 20, 2023.
             Slain by a wight
             ... wielding a +4 spear
              (7 damage)
             ... on level 6 of the Dungeon.
             The game lasted 00:05:34 (3964 turns).

acebull12 the Shield-Bearer (Formicid Fighter)      Turns: 3964, Time: 00:05:35

HP:   -2/51 (62)    AC:  8    Str: 23    XL:     8   Next: 75%
MP:   8/8           EV: 10    Int:  8    God:
Gold: 234           SH:  5    Dex: 13    Spells: 7/7 levels left

rFire   . . .      SeeInvis +    a - +1 war axe
rCold   . . .      Faith    .    c - +0 buckler
rNeg    . . .      Spirit   .    b - +1 scale mail
rPois   .          Reflect  .    (helmet unavailable)
rElec   .          Harm     .    (no cloak)
rCorr   .          Rampage  .    (no gloves)
Will    .....                    (no boots) Stlth
                                 (no amulet)
HPRegen 0.28/turn                (no ring)
MPRegen 0.11/turn                (no ring)

@: heavily drained
A: permanent stasis, dig shafts and tunnels, antennae 3, four strong arms
a: Dig, Shaft Self


You were on level 6 of the Dungeon.
You visited 2 branches of the dungeon, and saw 7 of its levels.

You collected 234 gold pieces.

Inventory:

Hand Weapons
 a - a +1 war axe (weapon)
Missiles
 g - 29 stones
Armour
 b - a +1 scale mail (worn)
 c - a +0 buckler (worn)
Jewellery
 o - a +4 ring of protection
 x - a ring of fire
Wands
 e - a wand of mindburst (18)
 l - a wand of roots (12)
 v - a wand of polymorph (9)
Scrolls
 m - a scroll of enchant weapon
Potions
 d - 2 potions of might
 f - a potion of flight {unknown}
 h - a potion of curing {unknown}
 j - 2 potions of mutation {unknown}
 k - 2 potions of heal wounds {unknown}
 u - a potion of lignification {unknown}
 w - a potion of berserk rage {unknown}


   Skills:
 + Level 5.1 Fighting
 + Level 6.2 Axes
 * Level 6.6 Armour
 + Level 1.2 Dodging
 + Level 0.3 Stealth
 * Level 6.7 Shields


You had 7 spell levels left.
You didn't know any spells.
Your spell library contained the following spells:

 Spells                   Type           Power      Damage    Failure   Level
 Lesser Beckoning         Tloc           0%         N/A       88%         2
 Momentum Strike          Conj/Tloc      0%         3d8       88%         2
 Ignite Poison            Fire/Tmut/Pois 0%         N/A       98%         3
 Sticky Flame             Conj/Fire      0%         2d3       100%        4
 Ignition                 Fire           0%         3d3       100%        8
 Blink                    Tloc           Unusable   N/A       N/A         2

Dungeon Overview and Level Annotations

Branches:
Dungeon (6/15)             Temple (1/1) D:5

Altars:
Ashenzari
Cheibriados
Dithmenos
Fedhas
Kikubaaqudgha
Makhleb
Qazlal
Sif Muna
Trog
Uskayaw
Wu Jian
Zin
The Shining One


Innate Abilities, Weirdness & Mutations

You cannot be hasted, slowed, berserked, paralysed or teleported.
You can dig through walls and to a lower floor.
You have a pair of large antennae on your head. (SInv)
Your four strong arms can wield two-handed weapons with a shield.


Message History

The wight barely misses you.
The wight hits you with a +0 short sword.
You feel drained. The wight hits you with a +0 falchion.
You hit the wight.
The wight is heavily damaged.
You hit the wight. You barely miss the wight.
The wight hits you with a +4 spear. You block the wight's attack.
The wight hits you with a +0 falchion.
You feel drained.
You hit the wight.
The wight is almost destroyed.
You hit the wight but do no damage. You barely miss the wight.
The wight hits you with a +4 spear!
You feel drained. The wight closely misses you. The wight misses you.
The wight closely misses you. The wight hits you with a +0 falchion!
You feel drained. The wight hits you with a +4 spear!
You feel drained.
You are too injured to fight recklessly!
You are too injured to fight recklessly!
You are too injured to fight recklessly!
You closely miss the wight.
The wight is moderately damaged.
You hit the wight. You slash the wight!
You destroy the wight!
The wight hits you with a +0 short sword.
You feel drained.
You closely miss the wight.
The wight is moderately damaged.
You closely miss the wight. You hit the wight.
The wight hits you with a +0 dire flail!
* * * LOW HITPOINT WARNING * * *
You feel drained. The wight hits you with a +4 spear.
* * * LOW HITPOINT WARNING * * *
The wight hits you with a +0 short sword.
* * * LOW HITPOINT WARNING * * *
You closely miss the wight.
The wight is moderately damaged.
You closely miss the wight. x2
The wight hits you with a +0 dire flail.
* * * LOW HITPOINT WARNING * * *
The wight hits you with a +4 spear!
You die...

### ### #.# #.. ..#
#.####.## #.....l.
#.(..zz####
######.####@z..##.
#>........)........
####.#.#######.#..#
#............ # #
#.##.###.######.
#....###.#......
###..))....#
#.####.#.# #<# #.#
#


You could see an iguana and 3 wights.

Vanquished Creatures
  A black bear (D:4)
  An ice beast (D:5)
  An ogre (D:5)
  2 necrophages (D:5)
  3 scorpions
  2 wights (D:6)
  6 hounds
  A jelly (D:6)
  2 orc priests (D:5)
  2 iguanas
  3 orc wizards (D:5)
  3 gnolls (D:3)
  5 adders
  4 worms
  3 dart slugs
  3 orcs (D:6)
  6 endoplasms
  5 giant cockroaches
  5 goblins
  7 hobgoblins
  3 jackals (D:3)
  3 kobolds
  4 quokkas
  3 ball pythons (D:1)
  2 bats
  3 frilled lizards
  3 rats
86 creatures vanquished.

Notes
Turn   | Place    | Note
-------+----------+-------------------------------------------
     0 | D:1      | acebull12 the Formicid Fighter began the quest for the Orb.
     0 | D:1      | Reached XP level 1. HP: 18/18 MP: 1/1
    25 | D:1      | Reached XP level 2. HP: 11/24 MP: 2/2
   151 | D:1      | Found a faded altar of an unknown god.
   283 | D:1      | Reached XP level 3. HP: 29/29 MP: 3/3
  1156 | D:3      | Reached XP level 4. HP: 37/37 MP: 4/4
  1208 | D:3      | Reached skill level 5 in Shields
  1633 | D:3      | Reached XP level 5. HP: 42/42 MP: 5/5
  2188 | D:4      | Reached XP level 6. HP: 46/48 MP: 6/6
  2221 | D:4      | Noticed a black bear
  2228 | D:4      | Killed a black bear
  2484 | D:5      | Entered Level 5 of the Dungeon
  2586 | D:5      | Reached skill level 5 in Armour
  2626 | D:5      | Found a staircase to the Ecumenical Temple.
  2634 | D:5      | Reached XP level 7. HP: 36/54 MP: 7/7
  2638 | Temple   | Entered the Ecumenical Temple
  3083 | D:5      | Reached skill level 1 in Dodging
  3242 | D:5      | Reached skill level 5 in Axes
  3312 | D:5      | Reached XP level 8. HP: 60/61 MP: 8/8
  3793 | D:6      | Reached skill level 5 in Fighting
  3964 | D:6      | Slain by a wight

Illustrated notes

Levels and vault maps discovered:
D:1:      dpeg_arrival_fog, layout_rooms,
          dreamdust_ecumenical_altar_angels_and_demons
D:2:      layout_loops_ring, minmay_liquid_box
D:3:      layout_basic
D:4:      layout_rooms
D:5:      layout_cave_pools, minmay_temple_entry_hall
D:6:      layout_basic, nemelex_xobeh_ov_fountains_minmay,
          mainiacjoe_overflow_surrounded_room, nicolae_vehumet_radiance,
          ebering_ghost_xom, amcnicky_mini_corridor_feature,
          grunt_ministairs_15, uniq_pikel
Temple:   nicolae_temple_figure_eight

Skill      XL: |  1  2  3  4  5  6  7  8 |
---------------+-------------------------+-----
Axes           | 3 4 5 6 |  6.2
Shields        | 5 6 |  6.7
Armour         | 4 5 6 |  6.6
Fighting       | 4 5 |  5.1
Dodging        | 1 |  1.2
Stealth        | |  0.3

Action                   |  1- 3 |  4- 6 |  7- 9 || total
-------------------------+-------+-------+-------++-------
Melee: War axe           |    82 |    77 |   102 ||   261
 Abil: Dig               |     1 |       |       ||     1
  Use: Scroll            |       |       |    10 ||    10
Armor: Scale mail        |    35 |    31 |    27 ||    93
Dodge: Dodged            |    27 |    45 |    53 ||   125
Block: Buckler           |    17 |    18 |    20 ||    55

Table legend: (Time is in decaauts)
 A = Elapsed time spent in this place.
 B = Non-inter-level travel time spent in this place.
 C = Inter-level travel time spent in this place.
 D = Time resting spent in this place.
 E = Time spent auto-exploring this place.
 F = Levels seen in this place.
 G = Mean time per level.
                   A        B        C        D        E       F      G
               +--------+--------+--------+--------+--------+-----+--------+
         Total |   4059 |   3806 |    253 |    376 |   2703 |   7 |  579.9 |
       Dungeon |   3790 |   3547 |    243 |    376 |   2447 |   6 |  631.7 |
        Temple |    268 |    258 |     10 |      0 |    256 |   1 |  268.0 |
               +--------+--------+--------+--------+--------+-----+--------+

Top non-repeatable levels by time:
     D:5: 1054 daAuts
     D:3: 774 daAuts
     D:2: 689 daAuts
     D:4: 576 daAuts
     D:1: 535 daAuts
  Temple: 268 daAuts
     D:6: 160 daAuts
